 Dungeon Crawl Stone Soup version 0.21.0 (webtiles) character file.

160 theswoord the Skirmisher (level 5, 0/35 HPs)
             Began as a Gargoyle Abyssal Knight on Jan 7, 2018.
             Was a Believer of Lugonu.
             Killed by divine providence
             ... invoked by an orc priest
              (16 damage)
             ... on level 3 of the Dungeon.
             The game lasted 00:06:36 (2293 turns).

theswoord the Skirmisher (Gargoyle Abyssal Knight)  Turns: 2293, Time: 00:06:37

Health: 0/35       AC: 11    Str: 15    XL:     5   Next: 41%
Magic:  6/6        EV: 11    Int: 13    God:    Lugonu [**....]
Gold:   118        SH:  0    Dex: 10    Spells: 4/4 levels left

rFire    + . .     SeeInvis .   h - +2 whip (venom)
rCold    . . .     Gourm    .   (no shield)
rNeg     + + .     Faith    .   m - +0 leather armour {rF+}
rPois    ∞         Spirit   .   (no helmet)
rElec    +         Reflect  .   (no cloak)
rCorr    .         Harm     .   j - +2 pair of gloves
MR       .....                  k - +0 pair of boots
Stlth    +.........             (no amulet)
HPRegen  0.11/turn              p - ring of positive energy
MPRegen  0.10/turn              (no ring)

@: no status effects
A: negative energy resistance 1, electricity resistance, unbreathing,
petrification resistance, rot immunity, AC +4
a: Depart the Abyss, Bend Space, Renounce Religion


You were on level 3 of the Dungeon.
You worshipped Lugonu.
Lugonu was pleased with you.
You were hungry.

You visited 1 branch of the dungeon, and saw 3 of its levels.
You visited the Abyss 1 time.

You collected 118 gold pieces.

Inventory:

Hand Weapons
 a - a +1 mace
 h - a +2 whip of venom (weapon)
 i - a +0 whip
Armour
 b - a +0 leather armour
 j - a +2 pair of gloves (worn)
 k - a +0 pair of boots (worn)
 m - a +0 leather armour of fire resistance (worn)
Jewellery
 p - a ring of positive energy (left hand)
Wands
 f - a wand of paralysis (16)
 n - a wand of digging (11)
Scrolls
 e - a scroll of identify
 o - a scroll of enchant armour
Potions
 d - a potion of flight
 g - 3 potions of curing
 l - a potion of resistance
Comestibles
 c - 3 rations
 q - a chunk of flesh


   Skills:
 + Level 5.1 Fighting
 + Level 4.0 Maces & Flails
 - Level 2.1 Armour
 - Level 0.7 Dodging
 - Level 2.0 Invocations


You had 4 spell levels left.
You didn't know any spells.

Dungeon Overview and Level Annotations

Branches:
Dungeon (3/15)

Altars:


Innate Abilities, Weirdness & Mutations

You are resistant to torment.
Your stone body is resilient. (AC +4)
You are immune to poison.
You resist negative energy. (rN+)
You are resistant to electric shocks. (rElec)
You can survive without breathing.
You are immune to petrification.
You are immune to rotting.


Message History

The orc priest calls down the wrath of Beogh upon you.
Pain shoots through your body!
* * * LOW HITPOINT WARNING * * *
You whack the orc priest!
The orc priest is poisoned.
The orc priest hits you but does no damage.
You hit the orc priest but do no damage.
The orc priest looks as sick as possible!
The orc priest hits you but does no damage.
You barely miss the orc priest.
The orc priest hits you but does no damage.
You hit the orc priest. You barely miss the orc priest.
You kill the orc priest!
Lugonu accepts your kill.
Your Maces & Flails skill increases to level 4!
You hit the orc priest but do no damage.
The orc priest looks even sicker.
The orc priest invokes the aid of Beogh against you.
Beogh smites you!
You die...

**,**,*#.....####*** *,*
*,*,,,###.###..,,,************,*
*,,***,*#.# #.#**,**,,,,,,,,,,,,
**,**
*#.#.###.###.#*,**********, *,**
*#........#.#*,* *,,,,,, *,*
#......#.#.#*,* *,****, *,**
*#.###..#.#.#*,* **,** *, **,**
*#.#* #..#.#.#*,# *,,,* *,
**,**#.#* #..#@#.##.# *,,,* *,
**,..#**###..#o#....###*,,,***,
*#..,,........o.o.....,,<,,,,,
##***#######........o,,,,,,,*
########..,,,,,,,* ****,,,****
*,,,* *,,,* *****


You could see an orc priest and an orc.

Vanquished Creatures
  An orc priest (D:3)
  Ijyb (D:3)
  A gnoll (D:1)
  3 adders
  An ooze (D:3)
  2 dart slugs (D:1)
  A leopard gecko (D:2)
  2 orcs (D:3)
  A bat zombie (D:1)
  2 giant cockroaches
  6 hobgoblins (D:1)
  7 jackals
  3 quokkas
  2 ball pythons (D:1)
  A bat (D:1)
  4 frilled lizards
  8 goblins
  A jackal zombie (D:1)
  5 kobolds
  8 rats
60 creatures vanquished.

Notes
Turn   | Place    | Note
-------+----------+-------------------------------------------
     0 | Abyss:1  | theswoord the Gargoyle Abyssal Knight began the quest for the Orb.
     0 | Abyss:1  | Reached XP level 1. HP: 14/14 MP: 2/2
    25 | D:1      | Escaped the Abyss
   145 | D:1      | Reached XP level 2. HP: 16/19 MP: 3/3
   239 | D:1      | Reached XP level 3. HP: 17/24 MP: 4/4
   334 | D:1      | Reached skill level 4 in Fighting
   435 | D:1      | Reached ** piety under Lugonu
  1210 | D:2      | Reached XP level 4. HP: 26/30 MP: 5/5
  1936 | D:3      | Noticed Ijyb
  1977 | D:3      | Killed Ijyb
  2175 | D:3      | Reached XP level 5. HP: 33/34 MP: 6/6
  2251 | D:3      | Reached skill level 5 in Fighting
  2293 | D:3      | Killed from afar by an orc priest

Skill      XL: |  1  2  3  4  5 |
---------------+----------------+-----
Fighting       | 4 5 |  5.1
Maces & Flails | 3 4 |  4.0
Armour         | |  2.1
Dodging        | |  0.7
Invocations    | |  2.0

Action                   |  1- 3 |  4- 6 || total
-------------------------+-------+-------++-------
Melee: Mace              |    20 |       ||    20
       Whip              |   124 |   147 ||   271
  Use: Scroll            |       |     9 ||     9
  Eat: Chunk             |     1 |     3 ||     4
Armor: Leather armour    |    52 |    55 ||   107
Dodge: Dodged            |    89 |    61 ||   150

Vault maps used:
D:1:      saegor_arrival_fortress, minmay_large_rounded_square
D:2:      minmay_domino_4
D:3:      gup_sewer_entry_spiral, uniq_ijyb
